 Dungeon Crawl Stone Soup version 0.28-a0-1567-g1695149f81 (webtiles) character file.

Game seed: 3173717028668251916

275 Pin the Covered (level 6, -18/51 HPs)
             Began as a Hill Orc Monk on Jan 20, 2022.
             Demolished by an ogre (20 damage)
             ... on level 4 of the Dungeon.
             The game lasted 00:05:34 (2640 turns).

Pin the Covered (Hill Orc Monk)                     Turns: 2640, Time: 00:05:35

Health: -18/51     AC: 14    Str: 16    XL:     6   Next: 24%
Magic:  6/6        EV:  6    Int: 10    God:
Gold:   149        SH:  0    Dex: 19    Spells: 5/5 levels left

rFire   . . .      SeeInvis .   a - +0 hand axe
rCold   . . .      Faith    .   (no shield)
rNeg    . . .      Spirit   .   f - +0 plate armour
rPois   .          Reflect  .   i - +0 helmet
rElec   .          Harm     .   (no cloak)
rCorr   .          Rampage  .   (no gloves)
Will    .....                   (no boots)
Stlth   ..........              c - amulet of regeneration
HPRegen 0.97/turn               h - +6 ring of dexterity
MPRegen 0.10/turn               (no ring)

@: no status effects
A: no striking features
a: no special abilities


You were on level 4 of the Dungeon.
You visited 1 branch of the dungeon, and saw 4 of its levels.

You collected 149 gold pieces.

Inventory:

Hand Weapons
 a - a +0 hand axe (weapon)
Armour
 f - a +0 plate armour (worn)
 i - a +0 helmet (worn)
Jewellery
 c - an amulet of regeneration (around neck)
 h - a +6 ring of dexterity (left hand)
Wands
 n - a wand of charming (3)
Scrolls
 b - 2 scrolls of teleportation {unknown}
 d - 2 scrolls of fog {unknown}
 e - a scroll of vulnerability {unknown}
 j - 4 scrolls of identify {unknown}
 p - a scroll of enchant armour {unknown}
Potions
 g - 2 potions of berserk rage {unknown}
 k - 2 potions of heal wounds {unknown}
 l - 4 potions of curing
 m - 2 potions of attraction {unknown}
 o - a potion of lignification {unknown}
 q - a potion of invisibility {unknown}


   Skills:
 - Level 3.6 Fighting
 - Level 4.0 Axes
 + Level 6.5 Armour
 - Level 2.4 Dodging
 - Level 1.5 Stealth


You had 5 spell levels left.
You didn't know any spells.
Your spell library contained the following spells:

 Spells                   Type           Power      Damage    Failure   Level
 Animate Skeleton         Necr           0%         N/A       100%        1
 Pain                     Necr           0%         1d4       100%        1
 Blink                    Tloc           0%         N/A       100%        2
 Gell's Gravitas          Tloc           0%         N/A       100%        3
 Lesser Beckoning         Tloc           0%         N/A       100%        3
 Teleport Other           Tloc           0%         N/A       100%        3
 Vampiric Draining        Necr           0%         2d6       100%        3
 Manifold Assault         Tloc           0%         N/A       100%        5


Dungeon Overview and Level Annotations

Branches:
Dungeon (4/15)
 Temple: D:4-7

Altars:

Shops:
D:1 (


Message History

The iguana bites you but does no damage.
You hit the iguana.
The iguana is heavily wounded.
The iguana bites you.
You barely miss the iguana.
The iguana is heavily wounded.
The iguana barely misses you.
You barely miss the iguana.
The iguana is heavily wounded.
The iguana bites you.
You hit the iguana.
The iguana is severely wounded.
The iguana bites you!
You barely miss the iguana.
The iguana is severely wounded.
The iguana bites you but does no damage.
You hit the iguana.
The iguana is almost dead.
The iguana bites you.
The iguana bites you but does no damage.
You hit the iguana.
You kill the iguana!
You barely miss the ogre. The ogre barely misses you.
You hit the ogre. You punch the ogre.
The ogre is moderately wounded.
You hit the ogre.
The ogre is moderately wounded.
The ogre hits you with a +0 giant club!!
You slash the ogre!
The ogre is severely wounded.
The ogre hits you with a +0 giant club!
* * * LOW HITPOINT WARNING * * *
You slash the ogre!
The ogre is almost dead.
The ogre hits you with a +0 giant club!
* * * LOW HITPOINT WARNING * * *
You hit the ogre but do no damage.
The ogre is almost dead.
The ogre hits you with a +0 giant club!!
You die...

#.......)...## .#
##########..# ####
.## #..# #.. ..
#.># #.# .####..
#..####.###.......#
#..........####....
#.#####.##..†.....#
#.#####.#########.#
#......@OS$#
#######.##.....
#... ... ##### #


You could see an ogre and a ball python.

Vanquished Creatures
  A howler monkey (D:3)
  An iguana (D:4)
  Ijyb (D:3)
  Natasha (thrice) (D:2)
  3 gnolls (D:4)
  2 adders (D:2)
  2 worms
  3 dart slugs
  2 endoplasms
  2 giant cockroaches
  12 goblins
  5 hobgoblins
  2 quokkas
  5 ball pythons
  4 bats
  A frilled lizard (D:1)
  7 kobolds
  4 rats
60 creatures vanquished.

Notes
Turn   | Place    | Note
-------+----------+-------------------------------------------
     0 | D:1      | Pin the Hill Orc Monk began the quest for the Orb.
     0 | D:1      | Reached XP level 1. HP: 19/19 MP: 1/1
    10 | D:1      | Found Izxeas's Weapon Shop.
    48 | D:1      | Reached skill level 1 in Armour
   301 | D:1      | Reached XP level 2. HP: 23/26 MP: 2/2
   404 | D:1      | Reached skill level 2 in Armour
   446 | D:1      | Found a faded altar of an unknown god.
   480 | D:1      | You fall into a shaft and drop 1 floor!
   553 | D:2      | Reached XP level 3. HP: 25/31 MP: 3/3
   610 | D:1      | Reached skill level 3 in Armour
   962 | D:2      | Noticed Natasha
   989 | D:2      | Killed Natasha
   990 | D:2      | Reached skill level 4 in Armour
   990 | D:2      | Reached XP level 4. HP: 34/39 MP: 4/4
  1078 | D:2      | Noticed Natasha
  1087 | D:2      | Killed Natasha
  1472 | D:2      | Reached XP level 5. HP: 45/45 MP: 5/5
  1653 | D:2      | Noticed Natasha
  1668 | D:2      | Killed Natasha
  1669 | D:2      | Reached skill level 5 in Armour
  1742 | D:3      | Noticed Ijyb
  1774 | D:3      | Killed Ijyb
  1986 | D:3      | Reached skill level 6 in Armour
  2435 | D:4      | Reached XP level 6. HP: 32/51 MP: 6/6
  2639 | D:4      | HP: 1/51 [ogre (7)]
  2640 | D:4      | Demolished by an ogre

Illustrated notes

Levels and vault maps discovered:
D:1:      lemuel_arrival_cross, layout_rooms, serial_shops, shop_fountains,
          nicolae_ecumenical_snake_handling, grunt_decor_clamped
D:2:      kennysheep_the_goblin_king, layout_basic, uniq_natasha
D:3:      layout_loops_cross, uniq_ijyb
D:4:      layout_loops_ring, nicolae_overflow_crystal_walls,
          minmay_temple_entry_large_hall

Skill      XL: |  1  2  3  4  5 |
---------------+----------------+-----
Armour         | 1 2 4 6 |  6.5
Fighting       | |  3.6
Axes           | |  4.0
Dodging        | |  2.4
Stealth        | |  1.5

Action                   |  1- 3 |  4- 6 || total
-------------------------+-------+-------++-------
Melee: Hand axe          |   119 |   147 ||   266
       Punch             |       |     4 ||     4
Armor: Robe              |     6 |       ||     6
       Plate armour      |    85 |    81 ||   166
Dodge: Dodged            |    54 |    37 ||    91

Table legend: (Time is in decaauts)
 A = Elapsed time spent in this place.
 B = Non-inter-level travel time spent in this place.
 C = Inter-level travel time spent in this place.
 D = Time resting spent in this place.
 E = Time spent auto-exploring this place.
 F = Levels seen in this place.
 G = Mean time per level.
                   A        B        C        D        E       F      G
               +--------+--------+--------+--------+--------+-----+--------+
         Total |   2684 |   2610 |     74 |    437 |   1589 |   4 |  671.0 |
       Dungeon |   2684 |   2610 |     74 |    437 |   1589 |   4 |  671.0 |
               +--------+--------+--------+--------+--------+-----+--------+

Top non-repeatable levels by time:
     D:2: 1011 daAuts
     D:3: 727 daAuts
     D:1: 711 daAuts
     D:4: 234 daAuts
